 Dungeon Crawl Stone Soup version 0.30-a0-799-g109b55a442 (webtiles) character file.

Game seed: 10042001682134050359

2 browni3141 the Conjurer (level 1, 0/13 HPs)
             Began as a Formicid Conjurer on Feb 21, 2023.
             Shot with an arrow by a centaur (13 damage)
             ... led by a centaur warrior
             ... on level 15 of the Dungeon.
             The game lasted 00:01:22 (216 turns).

browni3141 the Conjurer (Formicid Conjurer)          Turns: 216, Time: 00:01:23

Health: 0/13       AC:  2    Str: 11    XL:     1   Next: 44%
Magic:  3/3        EV: 12    Int: 17    God:
Gold:   10         SH:  0    Dex: 12    Spells: 3/4 levels left

rFire   . . .      SeeInvis +    f - +0 great sword
rCold   . . .      Faith    .    (no shield)
rNeg    . . .      Spirit   .    a - +0 robe
rPois   .          Reflect  .    (helmet unavailable)
rElec   .          Harm     .    (no cloak)
rCorr   .          Rampage  .    (no gloves)
Will    .....                    (no boots)
Stlth   ++                       (no amulet)
HPRegen 0.22/turn                (no ring)
MPRegen 0.08/turn                (no ring)

@: marked
A: permanent stasis, dig shafts and tunnels, antennae 3, four strong arms
a: Dig, Shaft Self


You were on level 15 of the Dungeon.
You visited 1 branch of the dungeon, and saw 8 of its levels.

You collected 10 gold pieces.

Inventory:

Hand Weapons
 c - a +1 heavy hand axe
 f - a +0 great sword (weapon)
Missiles
 d - 5 poisoned darts
Armour
 a - a +0 robe (worn)
Scrolls
 e - a scroll of amnesia {unknown}
Potions
 b - a potion of magic


   Skills:
 + Level 1.8 Dodging
 + Level 2.5 Stealth
 + Level 2.2 Spellcasting
 + Level 3.6 Conjurations


You had 3 spell levels left.
You knew the following spells:

 Your Spells              Type           Power      Damage    Failure   Level
a - Magic Dart            Conj           56%        1d5       4%          1

Your spell library contained the following spells:

 Spells                   Type           Power      Damage    Failure   Level
 Searing Ray              Conj           28%        2d5       6%          2
 Dazzling Flash           Conj/Hex       16%        N/A       26%         3
 Fulminant Prism          Conj/Hex       4%         3d5       65%         4
 Iskenderun's Mystic Bla  Conj/Tloc      8%         2d4       65%         4


Dungeon Overview and Level Annotations

Branches:
Dungeon (1/15)

Altars:
Hepliaklqana


Innate Abilities, Weirdness & Mutations

You cannot be hasted, slowed, berserked, paralysed or teleported.
You can dig through walls and to a lower floor.
You have a pair of large antennae on your head. (SInv)
Your four strong arms can wield two-handed weapons with a shield.


Message History

You begin to dig a shaft.
You continue digging a shaft.
A shaft appears beneath you!
You fall into a shaft and drop 3 floors!
The shaft crumbles and collapses.
Found a scroll labelled BEUJ TUIMIYFA.
Are you sure you want to shaft yourself?
You begin to dig a shaft.
You continue digging a shaft.
A shaft appears beneath you!
You fall into a shaft and drop 2 floors!
The shaft crumbles and collapses.
Found 19 gold pieces.
Unknown command.
Are you sure you want to shaft yourself?
You begin to dig a shaft.
You continue digging a shaft.
A shaft appears beneath you!
You fall into a shaft and drop 1 floor!
The shaft crumbles and collapses.
Beware, you cannot shaft yourself on this level.
Unknown command.
Found a white potion.
Found a puce potion.
Found a stone staircase leading up.
Found a great sword.
You see here a +0 great sword.
f - a +0 great sword
f - a +0 great sword (weapon)
A sourceless malevolence fills the Dungeon...
With a horrendous wail, an alarm goes off!
A sentinel's mark forms upon you.
You hear a horrible gurgling sound! x2; You hear a shout!
You hear a horrible gurgling sound!
You hear a shout! x12
You hear a trumpeting!
You hear a shout! x2; You hear a skittering sound.
Unknown command.
There is a stone staircase leading up here.
You start waiting.
A yaktaur comes into view.
The centaur wields a +0 shortbow.
The centaur shoots an arrow.
The arrow hits you!
Ouch! That really hurt!
You die...

# #......#..
##.#......#.# #..#
............# #..#
............###..# #
..!..#...........##.
##.#........###....
...............#.#####
##.#.###..c..........#
..........#.##.#@#######
##.#.##................#
##.#......#.##.#.#####.#
##.#####..#............#
##.######.##..#...####.#
......###.#...#...#
............#.###.#
...####.....#.....c....#
...# #..# ###.....##.#


You could see a yaktaur and a centaur.

Vanquished Creatures
  An endoplasm (D:1)
  A hobgoblin (D:1)
2 creatures vanquished.

Notes
Turn   | Place    | Note
-------+----------+-------------------------------------------
     0 | D:1      | browni3141 the Formicid Conjurer began the quest for the
                  | Orb.
     0 | D:1      | Reached XP level 1. HP: 13/13 MP: 3/3
   154 | D:1      | You fall into a shaft and drop 1 floor!
   157 | D:2      | You fall into a shaft and drop 2 floors!
   157 | D:4      | Found a hazy altar of Hepliaklqana.
   160 | D:4      | You fall into a shaft and drop 3 floors!
   163 | D:7      | You fall into a shaft and drop 2 floors!
   166 | D:9      | You fall into a shaft and drop 3 floors!
   169 | D:12     | You fall into a shaft and drop 2 floors!
   172 | D:14     | You fall into a shaft and drop 1 floor!
   172 | D:15     | Entered Level 15 of the Dungeon
   215 | D:15     | Noticed a yaktaur
   216 | D:15     | Noticed a centaur
   216 | D:15     | Shot with an arrow by a centaur

Illustrated notes

Levels and vault maps discovered:
D:1:      heliophobic_arrival_ceremonial_halls, layout_loops_ring
D:2:      kennysheep_the_goblin_king, layout_loops_ring, basic_altar,
          hangedman_decor_diamond_cutter
D:4:      layout_basic, dreamdust_divine_triumvirate,
          nzn_hepliaklqana_mist_gate, serial_shops, shop
D:7:      layout_basic, lemuel_crystal_altar, gammafunk_ghost_grave,
          uniq_crazy_yiuf_cottage
D:9:      layout_basic, general_overflow_altar, evilmike_ruin_ashenzari,
          bloody_trog, nicolae_fountain_basement
D:12:     layout_basic
D:14:     layout_basic, uniq_frances, uniq_kirke
D:15:     hangedman_depths_entry_try_elsewhere_first, layout_basic,
          hangedman_abyss_or_decor_stabs, minmay_misc_feat_secret_circle,
          st_stairs_2

Action                     || total
---------------------------++-------
  Melee: Hand axe          ||     2
Ability: Shaft Self        ||     7
   Stab: Sleeping          ||     1
  Dodge: Dodged            ||     1

Table legend: (Time is in decaauts)
 A = Elapsed time spent in this place.
 B = Non-inter-level travel time spent in this place.
 C = Inter-level travel time spent in this place.
 D = Time resting spent in this place.
 E = Time spent auto-exploring this place.
 F = Levels seen in this place.
 G = Mean time per level.
                   A        B        C        D        E       F      G
               +--------+--------+--------+--------+--------+-----+--------+
         Total |    214 |    214 |      0 |      2 |    118 |   8 |   26.8 |
       Dungeon |    214 |    214 |      0 |      2 |    118 |   8 |   26.8 |
               +--------+--------+--------+--------+--------+-----+--------+

Top non-repeatable levels by time:
     D:1: 155 daAuts
    D:15: 43 daAuts
     D:4: 2 daAuts
     D:9: 2 daAuts
     D:7: 2 daAuts
     D:2: 2 daAuts
    D:14: 2 daAuts
    D:12: 2 daAuts
